Map: Ascension to Aiur LE

Players

ShoWTimE - Winner!

  • Race: Protoss Protoss
  • League: Grandmaster
  • Spawn Location: 11:00

Optimus

  • Race: Terran Terran
  • League: Grandmaster
  • Spawn Location: 5:00

Event: HomeStory Cup XVI

VOD

Have the link to the VOD?

Description

Time

  • Played on: Nov. 10, 2017, 10:56 a.m.
  • Length: 14:03

All games in this series

Show
View Real Time Build Order
Export as new Build Order

ShoWTimE Protoss - Winner!

Build Orders: 1 Gate Expand, Oracle Opening, Archon Immortal, Colossus Rush 

Get SALT Encoding   

  1  0:00  Probe (Chrono Boost)  
  12  0:04  Probe (Chrono Boost)  
  14  0:17  Pylon  
  14  0:23  Probe (Chrono Boost)  
  16  0:36  Gateway  
  16  0:37  Probe (Chrono Boost)  
  16  0:42  Assimilator  
  16  0:49  Probe (Chrono Boost)  
  17  1:01  Probe (Chrono Boost)  
  18  1:13  Probe (Chrono Boost)  
  19  1:20  Nexus  
  20  1:25  Probe (Chrono Boost)  
  20  1:33  Cybernetics Core  
  20  1:38  Probe (Chrono Boost)  
  21  1:42  Assimilator  
  21  1:50  Probe (Chrono Boost)  
  22  1:54  Pylon  
  22  2:00  Pylon  
  22  2:02  Adept  
  22  2:04  Probe (Chrono Boost)  
  26  2:16  Probe (Chrono Boost)  
  26  2:22  Stargate  
  27  2:30  Probe (Chrono Boost)  
  27  2:35  Probe (Chrono Boost)  
  28  2:42  Probe (Chrono Boost)  
  29  2:47  Probe (Chrono Boost)  
  29  2:51  Oracle  
  30  2:54  Probe (Chrono Boost)  
  34  2:59  Warp Gate, Probe (Chrono Boost)  
  35  3:06  Probe (Chrono Boost)  
  35  3:11  Probe (Chrono Boost)  
  39  3:18  Probe (Chrono Boost)  
  40  3:23  Probe (Chrono Boost)  
  40  3:26  Oracle  
  39  3:30  Probe (Chrono Boost)  
  44  3:36  Probe (Chrono Boost)  
  45  3:42  Probe (Chrono Boost)  
  45  3:46  Pylon  
  45  3:48  Probe (Chrono Boost)  
  46  3:51  Gateway  
  46  3:52  Gateway  
  46  3:54  Probe (Chrono Boost)  
  47  4:00  Probe (Chrono Boost), Robotics Facility  
  47  4:01  Assimilator  
  48  4:05  Assimilator  
  48  4:06  Probe (Chrono Boost)  
  49  4:12  Probe (Chrono Boost)  
  49  4:13  Phoenix  
  50  4:19  Probe (Chrono Boost)  
  50  4:20  Pylon  
  50  4:21  Shield Battery  
  50  4:22  Shield Battery  
  54  4:24  Probe (Chrono Boost)  
  54  4:31  Probe (Chrono Boost)  
  55  4:32  Pylon  
  55  4:36  Probe (Chrono Boost)  
  56  4:43  Probe (Chrono Boost)  
  57  4:48  Observer, Probe (Chrono Boost)  
  57  4:50  Robotics Bay  
  59  4:55  Probe (Chrono Boost)  
  61  5:00  Probe (Chrono Boost)  
  61  5:02  Pylon  
  59  5:07  Probe (Chrono Boost)  
  59  5:08  Forge  
  59  5:10  Nexus  
  59  5:12  Observer, Probe (Chrono Boost)  
  57  5:17  Colossus  
  57  5:19  Probe (Chrono Boost)  
  57  5:20  Pylon  
  56  5:22  Twilight Council  
  56  5:24  Probe (Chrono Boost)  
  56  5:26  Shield Battery  
  56  5:27  Protoss Ground Weapons Level 1  
  58  5:33  Blink  
  58  5:35  Probe (Chrono Boost)  
  60  5:37  Probe (Chrono Boost)  
  60  5:39  Gateway x2  
  60  5:42  Sentry x2  
  70  5:47  Shield Battery, Probe (Chrono Boost)  
  71  5:51  Zealot  
  71  5:52  Probe (Chrono Boost)  
  74  5:59  Probe (Chrono Boost)  
  76  6:05  Probe (Chrono Boost)  
  76  6:10  Pylon  
  77  6:11  Probe (Chrono Boost)  
  77  6:13  Pylon  
  77  6:14  Pylon  
  77  6:20  Colossus  
  77  6:24  Probe (Chrono Boost)  
  86  6:25  Probe (Chrono Boost)  
  86  6:27  Probe (Chrono Boost)  
  86  6:28  Stalker  
  88  6:33  Forge  
  88  6:36  Stalker  
  92  6:40  Probe (Chrono Boost)  
  92  6:41  Probe (Chrono Boost)  
  92  6:43  Assimilator  
  92  6:47  Stalker x2  
  96  6:57  Assimilator  
  96  6:58  Probe (Chrono Boost)  
  96  7:02  Probe (Chrono Boost)  
  96  7:03  Probe (Chrono Boost)  
  96  7:05  Pylon  
  96  7:10  Probe (Chrono Boost)  
  96  7:11  Protoss Ground Armor Level 1  
  96  7:12  Nexus  
  96  7:14  Protoss Ground Weapons Level 2  
  97  7:19  Colossus  
  102  7:23  Charge  
  102  7:33  Pylon  
  102  7:34  Photon Cannon  
  102  7:40  Robotics Facility  
  102  7:43  Robotics Facility  
  102  7:45  Photon Cannon  
  102  7:46  Pylon  
  102  7:48  Probe x2 (Chrono Boost)  
  104  7:57  Photon Cannon  
  104  8:05  Zealot x5  
  114  8:12  Gateway  
  114  8:13  Gateway  
  114  8:14  Gateway  
  114  8:16  Warp Prism, Templar Archives  
  114  8:21  Immortal  
  120  8:31  Probe x3 (Chrono Boost)  
  129  8:42  Immortal  
  128  8:48  Photon Cannon, Probe (Chrono Boost)  
  128  8:50  Assimilator  
  128  8:53  High Templar x4  
  128  8:54  High Templar, Assimilator  
  138  9:01  Gateway, Archon  
  138  9:02  Archon  
  138  9:03  Gateway  
  138  9:04  Protoss Ground Weapons Level 3  
  138  9:09  Protoss Ground Armor Level 2  
  138  9:15  Immortal x2  
  146  9:27  Photon Cannon  
  146  9:29  Pylon  
  146  9:34  Stalker x2  
  150  9:38  Zealot x5  
  150  9:40  Zealot  
  160  9:54  Pylon  
  160  9:56  Pylon  
  158  10:00  Zealot x7  
  158  10:02  Immortal x2  
  158  10:04  Immortal  
  180  10:19  Pylon  
  184  10:25  Pylon  
  184  10:27  Zealot x3  
  188  10:32  Stargate  
  176  10:37  Zealot x3  
  176  10:38  Zealot  
  184  10:51  Immortal  
  184  10:52  Immortal  
  184  10:55  Pylon  
  184  10:56  Immortal  
  178  11:09  High Templar x6  
  178  11:10  High Templar x3  
  190  11:13  Archon x4  
  190  11:15  Nexus  
  190  11:21  High Templar  
  182  11:26  Archon  
  178  11:42  Immortal  
  178  11:43  Immortal  
  178  11:44  Zealot x5, Immortal  
  178  11:45  Zealot x2  
  178  11:46  Zealot x2  
  132  12:11  High Templar x6  
  132  12:12  Zealot x3, Probe x2 (Chrono Boost)  
  150  12:16  Warp Prism  
  150  12:17  Archon x2  
  150  12:18  Archon  
  150  12:28  Observer  
  152  12:32  Probe x2 (Chrono Boost)  
  152  12:33  Probe x3 (Chrono Boost)  
  158  12:38  Zealot, Photon Cannon  
  160  12:46  Immortal  
  164  12:51  Stalker  
  164  12:56  Stalker x2  
  170  13:11  Zealot x5  
  170  13:12  Zealot  
  180  13:17  Assimilator  
  180  13:20  Observer  
  180  13:21  Assimilator  
  177  13:27  Stalker x4  
  177  13:33  Zealot x3  
  186  13:51  Stalker x3  
Show
View Real Time Build Order
Export as new Build Order

Optimus Terran 

Build Orders: Gas First Reaper Expand, Reaper Expand, Mech 

Get SALT Encoding   

  12  0:00  SCV  
  13  0:12  SCV  
  14  0:17  Supply Depot  
  14  0:24  SCV  
  15  0:29  Refinery  
  15  0:39  SCV  
  16  0:45  Barracks  
  16  0:51  SCV  
  17  1:03  SCV  
  18  1:15  SCV  
  19  1:32  Reaper, Orbital Command  
  20  1:45  Command Center  
  20  1:57  Factory  
  21  2:01  SCV  
  21  2:09  Barracks Reactor  
  21  2:11  Supply Depot  
  21  2:15  SCV  
  22  2:20  Refinery  
  22  2:27  SCV  
  23  2:39  SCV  
  24  2:46  Marine x2  
  24  2:47  Starport  
  26  2:53  SCV  
  26  2:57  Widow Mine  
  28  3:00  Orbital Command  
  28  3:05  SCV, Marine x2  
  31  3:17  SCV  
  32  3:23  Viking, Marine x2  
  32  3:25  SCV  
  37  3:28  Widow Mine  
  37  3:30  SCV  
  40  3:36  Supply Depot  
  40  3:37  SCV  
  40  3:46  SCV  
  39  3:48  Marine x2  
  39  3:49  SCV  
  39  3:58  SCV  
  40  4:06  SCV, Marine x2  
  41  4:10  SCV  
  41  4:14  Supply Depot  
  37  4:18  SCV  
  37  4:22  SCV  
  39  4:29  Marine x2  
  39  4:30  SCV  
  42  4:33  Factory Tech Lab  
  42  4:38  SCV  
  42  4:42  SCV  
  44  4:49  Command Center  
  42  4:53  Siege Tank  
  42  4:55  SCV x2  
  47  5:05  Liberator  
  39  5:07  SCV  
  39  5:09  SCV  
  39  5:13  Marine x2  
  42  5:19  SCV  
  43  5:21  Refinery, SCV  
  47  5:30  Marine  
  47  5:31  SCV, Marine  
  47  5:32  Supply Depot  
  47  5:33  SCV  
  51  5:37  Refinery  
  51  5:42  Siege Tank  
  54  5:43  SCV  
  54  5:44  Supply Depot  
  54  5:45  SCV  
  56  5:54  Factory  
  56  5:55  SCV  
  57  5:57  SCV  
  57  6:02  Orbital Command  
  58  6:04  Factory  
  58  6:08  SCV  
  58  6:09  SCV, Barracks Tech Lab  
  60  6:16  Starport Reactor  
  60  6:20  SCV  
  60  6:22  SCV, Siege Tank  
  65  6:28  SCV  
  65  6:32  SCV  
  67  6:34  SCV  
  67  6:37  Armory  
  68  6:40  SCV  
  68  6:41  Armory  
  68  6:44  SCV  
  68  6:46  SCV  
  68  6:47  Hellion x2  
  75  6:52  SCV  
  75  6:53  Supply Depot  
  76  6:56  SCV  
  76  6:58  SCV  
  76  6:59  Siege Tank  
  81  7:02  Refinery  
  81  7:04  Supply Depot x2, Siege Tank  
  81  7:06  Refinery  
  81  7:09  SCV  
  81  7:11  Orbital Command  
  81  7:12  SCV  
  83  7:16  Hellion x2  
  83  7:21  SCV  
  83  7:22  Supply Depot, Engineering Bay  
  88  7:26  Terran Vehicle Weapons Level 1  
  88  7:32  SCV  
  88  7:33  Terran Vehicle And Ship Armor Level 1, SCV  
  90  7:44  Factory, Barracks Reactor, SCV  
  90  7:45  SCV  
  90  7:46  Factory  
  90  7:47  SCV  
  90  7:48  Supply Depot  
  90  7:49  Hellion x2  
  97  7:51  Supply Depot  
  97  7:56  SCV  
  97  7:58  Siege Tank  
  101  8:00  Siege Tank  
  101  8:04  SCV x2  
  101  8:05  Supply Depot  
  106  8:09  SCV  
  106  8:11  Medivac, Hellion x2  
  113  8:13  Medivac  
  113  8:17  SCV  
  116  8:24  Command Center  
  116  8:25  SCV x2  
  118  8:29  Infernal Pre-Igniter  
  118  8:33  Hellion x2  
  122  8:38  Siege Tank  
  121  8:46  Factory Tech Lab  
  121  8:53  Hellion, Siege Tank  
  121  8:54  Hellion  
  128  8:57  Hellion x2  
  128  9:01  Supply Depot x2  
  132  9:06  Siege Tank  
  132  9:07  Viking x2  
  132  9:09  Supply Depot  
  139  9:10  Hellion  
  139  9:20  Hellion x4  
  139  9:22  Siege Tank  
  150  9:25  Siege Tank  
  153  9:38  Siege Tank  
  156  9:43  Hellion x2  
  156  9:44  Starport, Hellion x2  
  164  9:54  Siege Tank  
  164  9:57  Siege Tank  
  166  10:01  Viking x2  
  166  10:07  Hellion x4  
  178  10:10  Siege Tank  
  181  10:16  SCV x2  
  176  10:24  Hellion x7  
  176  10:26  Siege Tank  
  176  10:28  Hellion x4, Starport Tech Lab  
  185  10:34  Siege Tank  
  178  10:41  Viking x2  
  185  10:53  SCV x2  
  177  10:57  SCV  
  177  10:59  Refinery  
  177  11:03  Hellion x2  
  185  11:04  Refinery  
  185  11:09  Planetary Fortress  
  185  11:13  Terran Vehicle Weapons Level 2, Terran Vehicle And Ship Armor Level 2  
  179  11:21  Siege Tank x2  
  179  11:23  Raven  
  179  11:24  Hellion  
  187  11:31  SCV  
  188  11:32  Supply Depot  
  188  11:33  Supply Depot  
  188  11:37  Viking  
  188  11:43  Viking  
  188  11:45  Hellion  
  188  11:46  Hellion  
  188  11:47  Hellion x3  
  188  11:53  Siege Tank x2  
  140  12:06  Viking, Siege Tank  
  140  12:07  Hellion  
  141  12:08  Hellion  
  138  12:21  Command Center  
  138  12:25  Siege Tank  
  138  12:27  Hellion x2, Siege Tank  
  148  12:36  Raven  
  150  12:38  Siege Tank  
  150  12:39  Hellion x2  
  150  12:43  Supply Depot x2  
  157  12:48  SCV x2  
  157  12:49  SCV  
  157  12:50  Engineering Bay  
  160  12:52  Hellion  
  165  12:58  Siege Tank  
  165  13:02  SCV x2  
  165  13:03  SCV  
  165  13:11  Hellion x2  
  163  13:14  SCV  
  163  13:15  SCV  
  163  13:18  Medivac x2, Raven  
  163  13:19  Hellion x2  
  175  13:20  SCV  
  174  13:34  Hellion  
  181  13:40  Hellion  
Tags
 
Add a new tag
Caveats
  • Supply blocks, unpowered buildings, or Contaminate may cause inaccurate times.
  • Supply counts are checked every 10 seconds.